 Dungeon Crawl Stone Soup version 0.30-a0-1157-g2cc9ac7196 (webtiles) character file.

Game seed: 8471979076661979074

5105 retardedninja the Cleaver (level 10, 0/80 HPs)
             Began as a Formicid Fighter on Apr 24, 2023.
             Was an Initiate of Hepliaklqana.
             Slain by a swamp worm (13 damage)
             ... on level 8 of the Dungeon.
             The game lasted 00:11:56 (10529 turns).

retardedninja the Cleaver (Formicid Fighter)       Turns: 10529, Time: 00:11:58

Health: 0/80       AC: 11    Str: 28    XL:     10   Next: 87%
Magic:  10/10      EV:  9    Int:  9    God:    Hepliaklqana [......]
Gold:   331        SH:  7    Dex: 16    Spells: 9/9 levels left

rFire   x . .        t - +4 war axe (flame)
rCold   + + .        c - +0 buckler
rNeg    . . .        l - +0 chain mail
rPois   .            (helmet unavailable)
rElec   .            (no cloak)
rCorr   .            (no gloves)
SInv    +            (no boots)
Will    +....        (no amulet) Stlth
                     h - ring of protection from cold
HPRegen 0.33/turn    g - ring of Descent {Fly rF- rC+ Str+4 Dex+3}
MPRegen 0.12/turn

%: no passive effects
@: mighty, flying
A: permanent stasis, dig shafts and tunnels, antennae 3, four strong arms
a: Dig, Shaft Self, Renounce Religion


You were on level 8 of the Dungeon.
You worshipped Hepliaklqana.
Hepliaklqana was noncommittal.
You visited 2 branches of the dungeon, and saw 9 of its levels.

You collected 433 gold pieces.
You paid 102 gold pieces to Gozag.

Inventory:

Hand Weapons
 t - a +4 war axe of flaming (weapon)
Missiles
 k - 2 throwing nets
Armour
 c - a +0 buckler (worn)
 l - a +0 chain mail (worn)
Jewellery
 e - an amulet of faith
 g - the ring of Descent (right hand) {Fly rF- rC+ Str+4 Dex+3}
   (You found it on level 5 of the Dungeon)

   [ring of protection from cold]

   Str:       It affects your strength (+4).
   Dex:       It affects your dexterity (+3).
   rF:        It makes you vulnerable to fire.
   rC:        It protects you from cold.
   Fly:       It grants you flight.
 h - a ring of protection from cold (left hand)
Wands
 w - a wand of flame (38)
Scrolls
 n - a scroll of brand weapon
 o - 2 scrolls of poison
 s - a scroll of fear
Potions
 a - a potion of cancellation {unknown}
 b - 2 potions of flight
 f - 5 potions of curing
 i - a potion of degeneration {unknown}
 j - 3 potions of mutation
 m - 2 potions of brilliance
 v - 2 potions of magic


   Skills:
 + Level 8.2 Fighting
 * Level 10.0 Axes
 + Level 8.2 Armour
 + Level 9.8 Shields


You had 9 spell levels left.
You didn't know any spells.
Your spell library contained the following spells:

 Spells                   Type           Power      Damage    Failure   Level
 Apportation              Tloc           0%         N/A       86%         1
 Magic Dart               Conj           0%         1d3       86%         1
 Shock                    Conj/Air       0%         1d3       86%         1
 Call Imp                 Summ           0%         N/A       95%         2
 Cigotuvi's Dreadful Rot  Necr/Pois/Air  0%         N/A       95%         2
 Lesser Beckoning         Tloc           0%         N/A       95%         2
 Momentum Strike          Conj/Tloc      0%         3d8       95%         2
 Poisonous Vapours        Pois/Air       0%         N/A       95%         2
 Call Canine Familiar     Summ           0%         N/A       99%         3
 Mephitic Cloud           Conj/Pois/Air  0%         N/A       99%         3
 Portal Projectile        Hex/Tloc       0%         N/A       99%         3
 Spider Form              Tmut/Pois      0%         N/A       99%         3
 Airstrike                Air            0%         2d(0-16)  100%        4
 Anguish                  Hex/Necr       0%         N/A       100%        4
 Cause Fear               Hex            0%         N/A       100%        4
 Dispel Undead            Necr           0%         3d6       100%        4
 Leda's Liquefaction      Hex/Erth       0%         N/A       100%        4
 Passage of Golubria      Tloc           0%         N/A       100%        4
 Summon Forest            Summ/Tloc      0%         N/A       100%        5
 Summon Mana Viper        Hex/Summ       0%         N/A       100%        5
 Death Channel            Necr           0%         N/A       100%        6
 Summon Cactus Giant      Summ           0%         N/A       100%        6
 Enfeeble                 Hex            0%         N/A       100%        7
 Blink                    Tloc           Unusable   N/A       N/A         2
 Swiftness                Air            Unusable   N/A       N/A         3

Dungeon Overview and Level Annotations

Branches:
Dungeon (8/15)             Temple (1/1) D:7
   Lair: D:8-11

Altars:
Ashenzari
Cheibriados
Dithmenos
Elyvilon
Fedhas
Gozag
Hepliaklqana
Kikubaaqudgha
Makhleb
Okawaru
Qazlal
Ru
Trog
Uskayaw
Vehumet
Xom
Yredelemnul
Zin
The Shining One

Portals:
Abyss: D:3

Annotations:
D:3 2 transporters, bchevrier's ghost, amateur GnWn


Innate Abilities, Weirdness & Mutations

You cannot be hasted, slowed, berserked, paralysed or teleported.
You can dig through walls and to a lower floor.
You have a pair of large antennae on your head. (SInv)
Your four strong arms can wield two-handed weapons with a shield.


Message History

No target in view!
No target in view!
Something bites the plant!
A swamp worm comes into view.
You slice the plant!!
The plant begins to die.
You burn the plant.
The plant is lightly damaged.
You hit the plant. You burn the plant. You hit the plant.
The plant begins to die.
You burn the plant.
The swamp worm bites the plant!
You hit the plant. You burn the plant.
The plant is lightly damaged.
You slash the plant! You burn the plant. You hit the plant. You burn the plant.
A nearby plant withers and dies. x2
You feel very mighty all of a sudden.
You barely miss the swamp worm. You hit the plant. You burn the plant.
You slash the plant! You burn the plant. You barely miss the swamp worm.
You slash the plant! You burn the plant. You closely miss the swamp worm.
You slice the plant!! You burn the plant!
A nearby plant withers and dies. x2; The swamp worm bites you!
The swamp worm barely misses you.
You slash the swamp worm! You burn the swamp worm.
The swamp worm is heavily wounded.
You hit the swamp worm. You burn the swamp worm. The swamp worm bites you!!
The swamp worm completely misses you.
The swamp worm bites you but does no damage.
You miss the swamp worm.
The swamp worm is lightly wounded.
You hit the swamp worm. You burn the swamp worm.
You block the swamp worm's attack. The swamp worm bites you!
You completely miss the swamp worm.
The swamp worm is lightly wounded.
You barely miss the swamp worm. You block the swamp worm's attack.
The swamp worm bites you.
You slash the swamp worm! You burn the swamp worm.
The swamp worm is heavily wounded.
You miss the swamp worm. The swamp worm bites you!!
* * * LOW HITPOINT WARNING * * *
The swamp worm bites you.
* * * LOW HITPOINT WARNING * * *
The swamp worm bites you!
You die...

###### ##....###
###..~~~~~##
##########...~~~@w~~#
.........#.##~≈~~w≈)#
#.(........#~~##~##~~#
#.######.#.~~~#~~~#~~~#
#..........~≈##~~~##≈~..
#..#####.#.~~#~~~}~
~~#.# #### ...#
#.#.~≈##~|~##≈~#... ..#
##.# ###.~~~#~~~# ~~# ##
#.# #.# #.#~~# #<#


You could see 2 swamp worms.

Vanquished Creatures
  Pikel (D:7)
  2 wyverns
  6 yaks (D:6)
  4 steam dragons
  A water moccasin (D:7)
  3 ice beasts
  An orc warrior (D:8)
  3 sky beasts
  2 black bears
  4 ogres
  A centaur (D:6)
  2 kobold brigands
  A bullfrog (D:7)
  5 scorpions
  2 howler monkeys
  4 jellies
  6 hounds
  3 orc priests
  A sleepcap (D:7)
  A gnoll bouda (D:7)
  3 iguanas
  6 orc wizards
  11 gnolls
  12 adders
  2 shadow imps (D:5)
  2 white imps
  2 ufetubi
  A worm (D:2)
  A dart slug (D:1)
  28 orcs
  8 ball pythons
  8 endoplasms
  7 giant cockroaches
  13 goblins
  6 hobgoblins
  5 quokkas
  8 bats
  4 frilled lizards
  19 kobolds
  5 rats
  A spectral orc (D:7)
205 creatures vanquished.

Vanquished Creatures (others)
  A fungus (D:1)
  5 plants
6 creatures vanquished.

Grand Total: 211 creatures vanquished

Notes
Turn   | Place    | Note
-------+----------+-------------------------------------------
     0 | D:1      | retardedninja the Formicid Fighter began the quest for the
                  | Orb.
     0 | D:1      | Reached XP level 1. HP: 18/18 MP: 1/1
   330 | D:1      | Reached XP level 2. HP: 24/24 MP: 2/2
   488 | D:1      | Reached XP level 3. HP: 26/29 MP: 3/3
   990 | D:2      | Reached XP level 4. HP: 26/37 MP: 4/4
  1085 | D:2      | Reached skill level 3 in Axes
  1816 | D:3      | Found a transporter.
  1816 | D:3      | Noticed a small abomination
  1819 | D:3      | Found a transporter.
  1883 | D:3      | Found a faded altar of an unknown god.
  2001 | D:3      | Found a one-way gate to the infinite horrors of the Abyss.
  2001 | D:3      | Noticed bchevrier's ghost (amateur GnWn)
  2060 | D:3      | Reached XP level 5. HP: 20/42 MP: 5/5
  2456 | D:4      | Reached skill level 4 in Axes
  2456 | D:4      | Reached skill level 5 in Shields
  2456 | D:4      | Reached XP level 6. HP: 23/49 MP: 6/6
  3505 | D:4      | Noticed a black bear
  3514 | D:4      | Killed a black bear
  3515 | D:4      | Reached XP level 7. HP: 27/55 MP: 7/7
  3988 | D:5      | Entered Level 5 of the Dungeon
  4027 | D:5      | Reached skill level 5 in Axes
  4094 | D:5      | Reached skill level 5 in Fighting
  4094 | D:5      | Reached skill level 5 in Armour
  4641 | D:5      | Reached XP level 8. HP: 54/62 MP: 8/8
  5201 | D:5      | Identified the ring of Descent {Fly rF- rC+ Str+4 Dex+3}
  5230 | D:5      | Reached skill level 6 in Axes
  6359 | D:5      | Reached skill level 7 in Axes
  6359 | D:5      | Reached XP level 9. HP: 12/69 MP: 9/9
  6647 | D:5      | Got the Directory of the Tesseract and Infection
  7196 | D:6      | Found a radiant altar of Vehumet.
  7300 | D:6      | Reached skill level 8 in Axes
  7331 | D:6      | Reached XP level 10. HP: 14/79 MP: 10/10
  8418 | D:7      | Reached skill level 9 in Axes
  8756 | D:7      | Found a staircase to the Ecumenical Temple.
  8797 | Temple   | Entered the Ecumenical Temple
  8825 | Temple   | Became a worshipper of Gozag Ym Sagoz the Greedy
  8852 | D:7      | Found a basalt altar of Yredelemnul.
  9025 | D:7      | Noticed Pikel
  9046 | D:7      | Killed Pikel
  9344 | D:7      | Found a hazy altar of Hepliaklqana.
  9420 | D:7      | Identified the +8 flail of Amnucoy {pain, *Rage rN+ Dex+2}
  9535 | D:7      | Fell from the grace of Gozag
  9535 | D:7      | Became a worshipper of Hepliaklqana the Forgotten
  9636 | D:8      | Found a sacrificial altar of Ru.
 10322 | D:8      | Reached skill level 10 in Axes
 10529 | D:8      | Slain by a swamp worm

Illustrated notes

Levels and vault maps discovered:
D:1:      spicycebolla_arrival_clurvy, layout_loops_ring
D:2:      layout_rooms, grunt_decor_arrowhead, minmay_indecisive_spiral
D:3:      layout_rooms, gammafunk_ghost_abyssal_escape,
          chequers_ecumenical_altar_simple_redux,
          nicolae_concentric_dashed_squares_mild
D:4:      layout_loops_ring, kennysheep_cross_bottleneck
D:5:      minmay_clustersquares, layout_gridville
D:6:      layout_basic, general_overflow_altar
D:7:      layout_basic, mainiacjoe_overflow_six_doors_small,
          nicolae_hepliaklqana_monster_ancestors, minmay_temple_entry_trees,
          uniq_pikel
D:8:      cheibrodos_steamvent, layout_loops_ring,
          nicolae_ru_great_annihilating_truth, mainiacjoe_overflow_alcove_2,
          worms_lemuel
Temple:   minmay_freezing_vapour_temple

Skill      XL: |  1  2  3  4  5  6  7  8  9 10 |
---------------+-------------------------------+-----
Axes           | 3 4 5 7 8 10 | 10.0
Fighting       | 4 5 6 7 8 |  8.2
Armour         | 4 5 6 7 8 |  8.2
Shields        | 5 6 7 8 9 |  9.8

Action                     |  1- 3 |  4- 6 |  7- 9 | 10-12 || total
---------------------------+-------+-------+-------+-------++-------
  Melee: War axe           |    93 |   202 |   275 |   153 ||   723
Ability: Dig               |       |     4 |       |       ||     4
  Evoke: Wand              |       |       |       |     1 ||     1
    Use: Potion            |       |     4 |     7 |     1 ||    12
         Scroll            |       |     6 |     1 |    10 ||    17
   Stab: Paralysed         |       |       |       |     1 ||     1
 Armour: Scale mail        |    41 |     1 |       |       ||    42
         Chain mail        |       |   124 |   103 |    58 ||   285
         Skin              |       |       |    21 |       ||    21
  Dodge: Dodged            |    41 |    87 |    76 |    42 ||   246
  Block: Buckler           |    29 |    74 |    76 |    39 ||   218

Table legend: (Time is in decaauts)
 A = Elapsed time spent in this place.
 B = Non-inter-level travel time spent in this place.
 C = Inter-level travel time spent in this place.
 D = Time resting spent in this place.
 E = Time spent auto-exploring this place.
 F = Levels seen in this place.
 G = Mean time per level.
                   A        B        C        D        E       F      G
               +--------+--------+--------+--------+--------+-----+--------+
         Total |  10695 |  10378 |    317 |   3430 |   5177 |   9 | 1188.3 |
       Dungeon |  10661 |  10348 |    313 |   3430 |   5167 |   8 | 1332.6 |
        Temple |     33 |     29 |      4 |      0 |     10 |   1 |   33.0 |
               +--------+--------+--------+--------+--------+-----+--------+

Top non-repeatable levels by time:
     D:5: 2738 daAuts
     D:4: 1759 daAuts
     D:6: 1646 daAuts
     D:7: 1241 daAuts
     D:1: 1011 daAuts
     D:8: 939 daAuts
     D:2: 741 daAuts
     D:3: 583 daAuts
  Temple: 33 daAuts
